 Dungeon Crawl Stone Soup version 0.29-a0-1009-g60c99734e7 (webtiles) character file.

Game seed: 10981340342542891081

95 iguanaiguana the Stinger (level 4, 0/24 HPs)
             Began as a Gargoyle Venom Mage on Aug 9, 2022.
             Slain by an orc wizard
             ... wielding a +0 dagger
              (2 damage)
             ... on level 3 of the Dungeon.
             The game lasted 00:05:10 (2744 turns).

iguanaiguana the Stinger (Gargoyle Venom Mage)      Turns: 2744, Time: 00:05:11

Health: 0/24       AC:  5    Str: 11    XL:     4   Next: 66%
Magic:  1/7        EV: 11    Int: 18    God:
Gold:   146        SH:  0    Dex: 10    Spells: 4/7 levels left

rFire   . . .      SeeInvis .   l - +3 dagger (venom)
rCold   . . .      Faith    .   (no shield)
rNeg    + . .      Spirit   .   a - +0 robe
rPois   ∞          Reflect  .   (no helmet)
rElec   +          Harm     .   (no cloak)
rCorr   .          Rampage  .   (no gloves)
Will    .....                   (no boots)
Stlth   ++........              (no amulet)
HPRegen 0.08/turn               (no ring)
MPRegen 0.10/turn               (no ring)

@: very slightly contaminated
A: sickness immunity, AC +3, negative energy resistance 1, electricity
resistance, torment resistance 1, petrification resistance
a: no special abilities


You were on level 3 of the Dungeon.
You visited 1 branch of the dungeon, and saw 3 of its levels.

You collected 146 gold pieces.

Inventory:

Hand Weapons
 e - a +0 dagger
 l - a +3 dagger of venom (weapon)
Missiles
 h - 9 boomerangs
Armour
 a - a +0 robe (worn)
Jewellery
 d - a ring of fire
Scrolls
 g - 2 scrolls of identify {unknown}
Potions
 b - a potion of magic
 c - a potion of brilliance {unknown}
 f - a potion of ambrosia {unknown}
 i - a potion of attraction {unknown}
 j - a potion of haste {unknown}
 k - a potion of curing {unknown}


   Skills:
 + Level 1.2 Short Blades
 - Level 1.5 Dodging
 - Level 2.1 Stealth
 - Level 2.0 Spellcasting
 - Level 0.7 Transmutations
 - Level 5.0 Poison Magic


You had 4 spell levels left.
You knew the following spells:

 Your Spells              Type           Power      Damage    Failure   Level
a - Sting                 Tmut/Pois      48%        1d5       5%          1
b - Poisonous Vapours     Pois/Air       20%        N/A       10%         2

Your spell library contained the following spells:

 Spells                   Type           Power      Damage    Failure   Level
 Olgreb's Toxic Radiance  Pois           19%        N/A       22%         4
 Mephitic Cloud           Conj/Pois/Air  7%         N/A       28%         3
 Stone Arrow              Conj/Erth      2%         3d7       47%         3
 Animate Armour           Summ/Erth      2%         N/A       87%         4
 Lehudib's Crystal Spear  Conj/Erth      0%         10d2      100%        8


Dungeon Overview and Level Annotations

Branches:
Dungeon (3/15) Zot: 15257

Altars:

Shops:
D:1 [


Innate Abilities, Weirdness & Mutations

You are immune to sickness and miasma.
Your stone body is resilient. (AC +3)
You are immune to poison.
You resist negative energy. (rN+)
You are resistant to electric shocks. (rElec)
You are resistant to unholy torment.
You are immune to petrification.


Message History

You barely miss the orc wizard. The orc hits you with a +0 flail.
The orc wizard attacks as you move away!
You miss the orc wizard.
The orc wizard looks more healthy.
You bump into the rock wall.
You closely miss the orc.
The orc is moderately wounded.
The orc hits you with a +0 flail.
You're too confused to move!
You bump into the rock wall.
The orc wizard casts a spell.
The orc wizard flickers and vanishes!
Deactivating autopickup; reactivate with Ctrl-A.
You bump into the rock wall.
You feel less confused. The orc hits you with a +0 flail!
* * * LOW HITPOINT WARNING * * *
The orc hits you with a +0 flail.
* * * LOW HITPOINT WARNING * * *
You aren't carrying any items that you can evoke.
You hit the orc.
The orc is poisoned.
The orc is almost dead.
You kill the orc!
Casting: Sting (safe; 5% risk of failure)
Confirm with . or Enter, or press ? or * to list all spells.
Aiming: Poisonous Vapours (safe; 10% risk of failure)
Press: ? - help, Dir - move target You miscast Poisonous Vapours.
You are very lightly contaminated with residual magic.
Nothing appears to happen.
Something hits you.
* * * LOW HITPOINT WARNING * * *
Casting: Poisonous Vapours (safe; 10% risk of failure)
Confirm with . or Enter, or press ? or * to list all spells.
Okay, then.
You hit something.
You hear some strange, mumbled words.
A magic dart appears from out of thin air!
The magic dart hits you.
* * * LOW HITPOINT WARNING * * *
You hit something. Something hits you.
You die...

.#...###
#........$o.o
###...#######
#...# #...#
#...#
#...#######
#(..)...{.#
#.......)@#
##........#
#........#
#........#
##########


There were no monsters in sight!

Vanquished Creatures
  An orc wizard (D:3)
  2 adders
  A worm (D:3)
  A dart slug (D:1)
  5 orcs (D:3)
  5 bats
  5 endoplasms
  4 giant cockroaches
  3 goblins
  5 hobgoblins (D:1)
  A quokka (D:3)
  2 ball pythons
  2 frilled lizards
  3 kobolds
  2 rats
42 creatures vanquished.

Notes
Turn   | Place    | Note
-------+----------+-------------------------------------------
     0 | D:1      | iguanaiguana the Gargoyle Venom Mage began the quest for
                  | the Orb.
     0 | D:1      | Reached XP level 1. HP: 10/10 MP: 3/3
   413 | D:1      | Reached XP level 2. HP: 12/15 MP: 0/5
   497 | D:1      | Learned a level 2 spell: Poisonous Vapours
   707 | D:1      | Found a faded altar of an unknown god.
   874 | D:1      | Found Huacs's Antique Armour Emporium.
  1102 | D:1      | Reached skill level 4 in Poison Magic
  1243 | D:1      | Reached XP level 3. HP: 19/19 MP: 2/6
  2427 | D:3      | Reached skill level 5 in Poison Magic
  2427 | D:3      | Reached XP level 4. HP: 24/24 MP: 3/7
  2452 | D:3      | Reached skill level 1 in Short Blades
  2744 | D:3      | Slain by an orc wizard

Illustrated notes

Levels and vault maps discovered:
D:1:      wander_arrival_fairy_ring, layout_loops_cross, serial_shops,
          nicolae_shop_behind_doors, basic_ecumenical_altar,
          wad_floor_pattern_untrapped, wad_floor_pattern_1,
          minmay_misc_feat_five
D:2:      layout_loops_ring
D:3:      layout_basic, nicolae_tso_carved_into_rock, st_stairs_11

Skill      XL: |  1  2  3  4 |
---------------+-------------+-----
Poison Magic   | 4 5 |  5.0
Short Blades   | 1 |  1.2
Dodging        | |  1.5
Stealth        | |  2.1
Spellcasting   | |  2.0
Transmutations | |  0.7

Action                   |  1- 3 |  4- 6 || total
-------------------------+-------+-------++-------
Melee: Unarmed           |    30 |       ||    30
       Dagger            |     8 |    27 ||    35
 Cast: Sting             |    74 |     2 ||    76
       Poisonous Vapours |     1 |     5 ||     6
Armor: Robe              |    29 |    12 ||    41
Dodge: Dodged            |    55 |    15 ||    70

Table legend: (Time is in decaauts)
 A = Elapsed time spent in this place.
 B = Non-inter-level travel time spent in this place.
 C = Inter-level travel time spent in this place.
 D = Time resting spent in this place.
 E = Time spent auto-exploring this place.
 F = Levels seen in this place.
 G = Mean time per level.
                   A        B        C        D        E       F      G
               +--------+--------+--------+--------+--------+-----+--------+
         Total |   2741 |   2713 |     28 |    551 |   1771 |   3 |  913.7 |
       Dungeon |   2741 |   2713 |     28 |    551 |   1771 |   3 |  913.7 |
               +--------+--------+--------+--------+--------+-----+--------+

Top non-repeatable levels by time:
     D:1: 1468 daAuts
     D:2: 747 daAuts
     D:3: 525 daAuts
